[Event "Team 45 45 League T23"]
[Site "Internet Chess Club"]
[Date "2004.07.15"]
[Round "6"]
[White "Ser-Enigma"]
[Black "StormFront"]
[Result "0-1"]
[WhiteElo "1989"]
[BlackElo "2159"]
[TimeControl "2700+45"]

1. d4 d5 2. c4 c6 3. Nf3 Nf6 4. Nc3 dxc4 5. a4 Bg4 6. Ne5 Bh5 7. f3 Nfd7 8. Nxc4
e5 9. Ne4 Bb4+ 10. Bd2 Qe7 11. dxe5 O-O 12. a5 Na6 13. Bxb4 Qxb4+ 14. Ned2 Nac5
15. Qc2 b5 16. axb6 axb6 17. Rxa8 Rxa8 18. Qc3 Qxc3 19. bxc3 b5 20. Ne3 Nxe5 21.
g4 Bg6 22. h4 h6 23. f4 Ra1+ 24. Kf2 Ra2 25. Ke1 Ne4 26. Nxe4 Bxe4 27. Rh3 Ng6
28. f5 Ne5 29. Bg2 Bxg2 30. Nxg2 Nxg4 31. Rd3 Ne5 32. Rd8+ Kh7 33. Re8 Ra1+ 34.
Kf2 Ng4+ 35. Kf3 Nf6 36. Rc8 Rf1+ 37. Ke3 Nd5+ 38. Kd3 Rd1+ 39. Ke4 Nxc3+ 40.
Kf3 Rd6 41. e4 b4 42. e5 Rd3+ 43. Kf4 b3 44. Rxc6 b2 {White resigns} 0-1

[Event "Team 45 45 League T23"]
[Site "Internet Chess Club"]
[Date "2004.07.16"]
[Round "6"]
[White "Girlprodigy"]
[Black "jimspy"]
[Result "1-0"]
[WhiteElo "1505"]
[BlackElo "1854"]
[TimeControl "2700+45"]

1. Nf3 Nf6 2. d4 d5 3. Bf4 g6 4. e3 Bg7 5. c3 a6 6. Nbd2 Nbd7 7. Be2 O-O 8. h3
c5 9. g4 cxd4 10. exd4 Nb6 11. Ne5 Nfd7 12. Ndf3 f6 13. Nxd7 Nxd7 14. Qd2 e5 15.
dxe5 Nxe5 16. O-O-O Be6 17. Nd4 Bf7 18. h4 Nc6 19. Be3 Nxd4 20. Bxd4 h6 21. f4
Re8 22. Bf3 Qa5 23. Kb1 Rad8 24. Rhe1 Rxe1 25. Rxe1 Qc7 26. g5 Qd6 27. Qc1 hxg5
28. hxg5 fxg5 29. Bxg7 Kxg7 30. fxg5 Qg3 31. Qe3 Rh8 32. Rg1 Qd6 33. Qd4+ Kg8
34. c4 Rh2 35. Bxd5 Bxd5 36. cxd5 Rh7 37. Rc1 Rd7 38. Rc8+ Kf7 39. Qf2+ Kg7 40.
Qd4+ Kf7 41. Qh8 Qxd5 42. Qg8+ Ke7 43. Qf8+ {Black resigns} 1-0

[Event "Team 45 45 League T23"]
[Site "Internet Chess Club"]
[Date "2004.07.15"]
[Round "6"]
[White "Kingwatcher"]
[Black "f5"]
[Result "0-1"]
[WhiteElo "2012"]
[BlackElo "2255"]
[TimeControl "2700+45"]

1. Nf3 f5 2. d4 Nf6 3. c4 g6 4. Nc3 Bg7 5. Bg5 d6 6. e3 Nbd7 7. Bxf6 Nxf6 8. Bd3
O-O 9. Qc2 c6 10. O-O-O Rb8 11. e4 fxe4 12. Nxe4 Nxe4 13. Bxe4 Qa5 14. Kb1 Rf4
15. Ka1 Bg4 16. h3 Bxf3 17. Bxf3 Rxd4 18. Rxd4 Bxd4 19. h4 Qc5 20. h5 g5 21. Be4
h6 22. f4 b5 23. cxb5 Qxc2 24. Bxc2 Rxb5 25. Bb3+ Kg7 26. fxg5 Rxg5 27. Rd1 e5
28. Rd2 Rxh5 29. a3 Kf6 30. Rc2 Rh1+ 31. Ka2 Rg1 32. Ba4 c5 33. Bc6 Ke6 34. Re2
d5 35. Kb3 e4 36. Kc2 c4 37. Bb7 Ke5 38. Bc6 h5 39. Bb7 h4 40. Bc6 e3 41. Bb7
Bb6 42. b3 cxb3+ 43. Kxb3 Kd4 44. Ba6 Ba5 45. a4 Bd2 46. Bb5 Rc1 47. Kb2 Rc3 48.
Ka2 Ke4 {White resigns} 0-1

[Event "Team 45 45 League T23"]
[Site "Internet Chess Club"]
[Date "2004.07.19"]
[Round "6"]
[White "trevor21"]
[Black "arkba"]
[Result "1-0"]
[WhiteElo "2196"]
[BlackElo "1792"]
[TimeControl "2700+45"]

1. d4 d5 2. c4 e6 3. Nc3 Be7 4. cxd5 exd5 5. Bf4 c6 6. e3 Nf6 7. Bd3 O-O 8. Nge2
Bg4 9. f3 Bh5 10. O-O Nbd7 11. Qc2 Bg6 12. e4 dxe4 13. fxe4 Re8 14. Rf3 Bf8 15.
Raf1 Rc8 16. e5 Bxd3 17. Rxd3 Nd5 18. Rh3 f5 19. Qxf5 g6 20. Qg4 Nxc3 21. bxc3
Qb6 22. Qxd7 {Black resigns} 1-0

[Event "Team 45 45 League T23"]
[Site "Internet Chess Club"]
[Date "2004.07.16"]
[Round "6"]
[White "Beats20Cents"]
[Black "nursey"]
[Result "0-1"]
[WhiteElo "1833"]
[BlackElo "1745"]
[TimeControl "2700+45"]

1. e4 e5 2. Nf3 Nc6 3. Bb5 a6 4. Ba4 Nf6 5. O-O Be7 6. Re1 b5 7. Bb3 O-O 8. c3
d6 9. h3 Na5 10. Bc2 c5 11. d4 cxd4 12. cxd4 exd4 13. Nxd4 d5 14. e5 Nd7 15. Qd3
g6 16. Bh6 Nc5 17. Qg3 Bh4 18. Qf3 Re8 19. b4 Ne4 20. Bxe4 dxe4 21. Qe3 Nc4 22.
Qxe4 Rxe5 23. Qxa8 Rxe1+ 24. Kh2 Bxf2 25. Qc6 Bg1+ 26. Kg3 Bxd4 27. Nd2 Be5+ 28.
Kf2 Qh4+ {White resigns} 0-1

[Event "Team 45 45 League T23"]
[Site "Internet Chess Club"]
[Date "2004.07.18"]
[Round "6"]
[White "GameMaster"]
[Black "kevinfons"]
[Result "1-0"]
[WhiteElo "1570"]
[BlackElo "1494"]
[TimeControl "2700+45"]

1. d4 e6 2. c4 d5 3. cxd5 exd5 4. Nc3 Nf6 5. e3 Be6 6. Nf3 Nc6 7. Bd3 g6 8. O-O
Bg7 9. b3 O-O 10. Bb2 a6 11. Re1 Nb4 12. Be2 Rc8 13. Ba3 a5 14. Bxb4 axb4 15.
Na4 Ne4 16. Nd2 Nc3 17. Nxc3 bxc3 18. Nf3 c5 19. Rc1 cxd4 20. Nxd4 Qa5 21. Rc2
Qb4 22. Bg4 Bxd4 23. exd4 Bxg4 24. Qxg4 Rfe8 25. Rxe8+ Rxe8 26. f3 Qe7 27. Qg3
Qa3 28. Qf2 Qb4 29. Re2 Rxe2 30. Qxe2 Qxd4+ 31. Kf1 Kg7 32. Qc2 b5 33. a3 b4 34.
axb4 Qxb4 35. Ke2 d4 36. Kd3 f5 37. Qa2 Qc5 38. Qb1 Qe5 39. b4 Qe3+ 40. Kc4 Qd2
41. Kb3 d3 42. Qa1 Kh6 43. Qxc3 Qd1+ 44. Kc4 d2 45. Kd3 Qf1+ 46. Kxd2 Qxg2+ 47.
Kc1 Qf1+ 48. Kc2 Qf2+ 49. Qd2+ Qxd2+ 50. Kxd2 f4 51. b5 g5 52. b6 {Black
resigns} 1-0

[Event "Team 45 45 League T23"]
[Site "Internet Chess Club"]
[Date "2004.07.18"]
[Round "6"]
[White "gartman"]
[Black "viking99"]
[Result "1/2-1/2"]
[WhiteElo "1764"]
[BlackElo "1788"]
[TimeControl "2700+45"]

1. d4 Nf6 2. c4 g6 3. Nc3 d5 4. cxd5 Nxd5 5. Na4 Bg7 6. e4 Nb6 7. Nxb6 axb6 8.
Nf3 Bg4 9. Be3 Qd6 10. Be2 O-O 11. e5 Qd5 12. O-O Nc6 13. Qd2 Rxa2 14. Rac1 Qa5
15. Rc2 Rd8 16. Bc4 Ra1 17. Ng5 Rxf1+ 18. Kxf1 e6 19. Qxa5 Nxa5 20. Be2 Bxe2+
21. Kxe2 Rd7 22. Ne4 Nc6 23. Rd2 Nb4 24. f4 Nd5 25. Kd3 Kf8 26. Nc3 Nxe3 27.
Kxe3 Ke7 28. b4 f6 29. Ra2 fxe5 30. dxe5 c5 31. b5 Bf8 32. Na4 Rd4 33. Nxb6 Rb4
34. Rd2 h6 35. Rd7+ Ke8 36. Rxb7 Rxb5 37. Rb8+ Kf7 38. Nd7 Rxb8 39. Nxb8 Ke7 40.
Kd3 Kd8 41. Kc4 Kc7 42. Na6+ Kb6 {Game drawn by mutual agreement} 1/2-1/2

[Event "Team 45 45 League T23"]
[Site "Internet Chess Club"]
[Date "2004.07.16"]
[Round "6"]
[White "chesskix"]
[Black "Schach-Prinz"]
[Result "1-0"]
[WhiteElo "1514"]
[BlackElo "1400"]
[TimeControl "2700+45"]

1. d4 e6 2. c4 d5 3. Nc3 Bb4 4. Nf3 Bxc3+ 5. bxc3 Ne7 6. Bg5 Nbc6 7. cxd5 exd5
8. e3 f6 9. Bf4 O-O 10. Bd3 Bg4 11. O-O Bh5 12. Rb1 Rb8 13. c4 Qd7 14. cxd5 Nxd5
15. Bc4 Bg6 16. Rb2 Bf7 17. Bg3 Nxe3 18. Bxf7+ Rxf7 19. fxe3 Ne7 20. Qc1 Nd5 21.
e4 Ne7 22. Rd1 Ng6 23. e5 f5 24. e6 Qxe6 25. Ng5 {Black resigns} 1-0

[Event "Team 45 45 League T23"]
[Site "Internet Chess Club"]
[Date "2004.07.18"]
[Round "6"]
[White "Mississippian"]
[Black "Bookkeeper"]
[Result "0-1"]
[WhiteElo "1436"]
[BlackElo "1542"]
[TimeControl "2700+45"]

1. e4 d6 2. Nf3 g6 3. Be2 Bg7 4. O-O Nf6 5. c3 O-O 6. Qc2 Nbd7 7. d4 c5 8. h3
cxd4 9. cxd4 b6 10. Nc3 Bb7 11. Be3 Rc8 12. Qd3 a6 13. Rac1 b5 14. b4 Nb6 15.
Nd2 Nc4 16. Nxc4 Rxc4 17. Qb1 Rc8 18. f4 d5 19. f5 dxe4 20. Rf4 Nd5 21. Nxd5
Qxd5 22. fxg6 Rxc1+ 23. Qxc1 hxg6 24. Qd2 Rc8 25. a3 Qb3 26. Bg4 Rc3 27. Qf2
Rxe3 28. Rxf7 Qxf7 29. Qxe3 Qd5 30. Kh1 Kh7 31. Qg3 Qxd4 32. Qh4+ Kg8 33. Be6+
Kf8 34. Qf4+ Bf6 35. Qb8+ Kg7 36. Qxb7 Qd1+ 37. Kh2 Be5+ 38. g3 Qe2+ 39. Kg1
Bd4+ 40. Kh1 Qf3+ 41. Kh2 Qf2+ 42. Kh1 Qg1# {White checkmated} 0-1

[Event "Team 45 45 League T23"]
[Site "Internet Chess Club"]
[Date "2004.07.15"]
[Round "6"]
[White "NESKAYA"]
[Black "ogoon"]
[Result "0-1"]
[WhiteElo "1505"]
[BlackElo "1522"]
[TimeControl "2700+45"]

1. e4 e6 2. d4 d5 3. e5 c5 4. Bb5+ Bd7 5. Bxd7+ Nxd7 6. c3 cxd4 7. cxd4 Qb6 8.
a3 Rc8 9. b4 Ne7 10. Ne2 Nf5 11. Bb2 a5 12. bxa5 Qxa5+ 13. Bc3 Qc7 14. O-O Be7
15. Nd2 O-O 16. Bb4 Bxb4 17. axb4 Qb6 18. Nf3 Rc4 19. Qa4 Qc7 20. Nd2 Rc2 21.
Rfd1 Nb6 22. Qb3 g6 23. Rac1 Rxc1 24. Rxc1 Qe7 25. f4 h5 26. Rc5 Nc8 27. Qc3 Qd8
28. Nb3 b6 29. Rc7 Re8 30. Qc6 Nfe7 31. Qb7 Rf8 32. Nc3 h4 33. Na4 Nf5 34. Nxb6
Nxb6 35. Qxb6 g5 36. fxg5 Qxg5 37. Rc3 Kh7 38. Qc7 Ne3 39. Rc2 Nxc2 40. Qxc2+
Kg7 41. h3 Qe3+ 42. Kh2 Rg8 43. Qd2 Qxd2 44. Nxd2 Rb8 45. Nf3 Rxb4 46. Nxh4 Rxd4
47. Nf3 Ra4 48. g4 d4 49. Kg2 d3 50. Kf2 Re4 51. Kf1 Rf4 52. Kg2 Ra4 53. Kf2 Ra8
54. Ke3 Rd8 55. Nd2 Kg6 56. h4 f5 57. gxf5+ Kxf5 58. h5 Kxe5 59. h6 Kf5 60. h7
Rh8 61. Kxd3 Rxh7 62. Ke3 Rh3+ 63. Kf2 e5 64. Nf3 Kf4 65. Ng1 Ra3 66. Ne2+ Kg4
67. Ke1 e4 68. Nd4 Ra2 69. Nc6 Kf4 70. Nb4 Rh2 71. Kf1 Kf3 72. Ke1 e3 73. Kd1
Rh1+ 74. Kc2 e2 75. Nd3 e1=Q 76. Nxe1+ Rxe1 77. Kd3 {White resigns} 0-1

[Event "Team 45 45 League T23"]
[Site "Internet Chess Club"]
[Date "2004.07.18"]
[Round "6"]
[White "JesterFox"]
[Black "MarcoDeSade"]
[Result "1/2-1/2"]
[WhiteElo "1468"]
[BlackElo "1578"]
[TimeControl "2700+45"]

1. d4 c5 2. c3 cxd4 3. cxd4 b6 4. e4 Bb7 5. Nc3 Nf6 6. Bd3 g6 7. Nf3 Bg7 8. O-O
O-O 9. Re1 Ba6 10. h3 Bxd3 11. Qxd3 Nc6 12. a3 Rc8 13. Bf4 d5 14. e5 Nd7 15.
Nxd5 e6 16. Nc3 Nc5 17. Qd1 Nb7 18. Rc1 Qd7 19. b4 Ne7 20. Qd3 Nd5 21. Nxd5 Qxd5
22. Rxc8 Rxc8 23. Rc1 Rxc1+ 24. Bxc1 Nd8 25. Qc3 Qc6 26. Qxc6 Nxc6 27. Kf1 Kf8
28. Ke2 Ke7 29. Kd3 f6 30. exf6+ Bxf6 31. Bg5 Bxg5 32. Nxg5 h6 33. Nf3 Kf6 34.
Ke4 Ne7 35. g4 Nd5 36. Nd2 g5 37. Nc4 Nf4 38. Nd6 Nxh3 39. f3 Nf4 40. Nc8 Nd5
41. Nxa7 Nc3+ 42. Kd3 Nd5 43. Nc8 e5 44. b5 Ke6 45. Ke4 Nc3+ 46. Kd3 Nxb5 47.
Nxb6 Nxa3 48. Ke4 exd4 49. Kxd4 Nc2+ 50. Ke4 Ne1 51. Nd5 Ng2 52. Ne3 Nxe3 53.
Kxe3 Ke5 54. Kd3 Kf4 55. Ke2 Kg3 56. Ke3 Kh4 57. Kf2 h5 58. gxh5 Kxh5 59. Kg3
Kg6 60. Kg4 Kf6 61. f4 {Game drawn by mutual agreement} 1/2-1/2

[Event "Team 45 45 League T23"]
[Site "Internet Chess Club"]
[Date "2004.07.20"]
[Round "6"]
[White "bmw2002"]
[Black "reijo"]
[Result "0-1"]
[WhiteElo "1499"]
[BlackElo "1517"]
[TimeControl "2700+45"]

1. c4 e5 2. Nc3 Nf6 3. g3 Nc6 4. Bg2 Bb4 5. d3 O-O 6. Bd2 Re8 7. e4 d6 8. Nf3
Bg4 9. O-O Rb8 10. a3 Bc5 11. Be3 Bd4 12. Qd2 Bxf3 13. Bxf3 h6 14. h3 a6 15. Kh2
b5 16. cxb5 axb5 17. Rac1 b4 18. Ne2 Bxe3 19. fxe3 Na5 20. Qc2 c5 21. a4 b3 22.
Qd2 Qb6 23. Rc3 Qb4 24. Ra1 Rec8 25. d4 Nc4 26. Qc1 Rc7 27. Rxc4 Qb6 28. dxe5
dxe5 29. Rxc5 Rxc5 30. Nc3 Rbc8 31. Qf1 Rc4 32. a5 Qxe3 33. a6 Qd2+ 34. Qe2
Qxe2+ 35. Bxe2 R4c7 36. Kg2 Nd7 37. Nb5 Rc2 38. Kf2 Rxb2 39. a7 Nb6 40. Nd6 Ra8
41. Ra6 Nd7 42. Kf3 Ra2 43. Bb5 Rxa6 44. Bxa6 Rxa7 45. Bc4 b2 46. Bxf7+ Kh7
{White resigns} 0-1

[Event "Team 45 45 League T23"]
[Site "Internet Chess Club"]
[Date "2004.07.18"]
[Round "6"]
[White "alaskauk"]
[Black "erebus"]
[Result "1/2-1/2"]
[WhiteElo "1592"]
[BlackElo "1952"]
[TimeControl "2700+45"]

1. e4 d6 2. d4 Nf6 3. Nc3 g6 4. Be3 c6 5. Bd3 Nbd7 6. f3 e5 7. Nge2 b5 8. a3 Bb7
9. O-O a6 10. dxe5 dxe5 11. Ng3 Bc5 12. Qe2 Qb6 13. Rfe1 Rd8 14. b4 Bxe3+ 15.
Qxe3 Qxe3+ 16. Rxe3 h5 17. h4 c5 18. Rd1 {Game drawn by mutual agreement}
1/2-1/2

[Event "Team 45 45 League T23"]
[Site "Internet Chess Club"]
[Date "2004.07.19"]
[Round "6"]
[White "rabanito"]
[Black "Agent911"]
[Result "0-1"]
[WhiteElo "1497"]
[BlackElo "1607"]
[TimeControl "2700+45"]

1. e4 c5 2. Nf3 Nc6 3. d4 cxd4 4. Nxd4 Nf6 5. Nc3 e5 6. Ndb5 d6 7. Bg5 a6 8. Na3
b5 9. Bxf6 Qxf6 10. Nd5 Qd8 11. c3 Ne7 12. Bxb5+ axb5 13. Nxb5 Nxd5 14. Qxd5 Bd7
15. Qxa8 Bxb5 16. Qxd8+ Kxd8 17. O-O-O Be7 18. Rd5 Bc6 19. Ra5 Bg5+ 20. Kd1 Bxe4
21. f3 Bc6 22. Ra6 Kd7 23. Ra7+ Ke6 24. Rc7 Bd5 25. c4 Ba8 26. Kc2 Rd8 27. Ra7
Bc6 28. g3 Bxf3 29. Rf1 e4 30. Ra3 Rc8 31. b3 Be2 32. Re1 Bd3+ 33. Kd1 Bf6 34.
b4 Rxc4 35. Rxd3 Rxb4 36. Kc2 Rb2+ 37. Kc1 d5 38. Ra3 Rxh2 39. Ra6+ Kf5 40. Ra5
Bc3 41. Rxd5+ Ke6 42. Red1 e3 43. R5d3 Bb2+ 44. Kb1 e2 45. Re1 Be5 46. Re3 Kf5
47. R3xe2 Rxe2 48. Rxe2 Bxg3 49. a4 Bc7 50. Rf2+ Ke6 51. Kc2 f5 52. Kd3 g5 53.
Rh2 Bxh2 {White resigns} 0-1

[Event "Team 45 45 League T23"]
[Site "Internet Chess Club"]
[Date "2004.07.18"]
[Round "6"]
[White "DidntSeeIt"]
[Black "Steinwitz"]
[Result "1-0"]
[WhiteElo "1717"]
[BlackElo "1748"]
[TimeControl "2700+45"]

1. e4 e6 2. d4 d5 3. Nd2 c5 4. dxc5 Bxc5 5. Nb3 Bb6 6. exd5 exd5 7. Nf3 Ne7 8.
Bd3 Bf5 9. O-O Bxd3 10. Qxd3 O-O 11. Bf4 Ng6 12. Bg3 Nc6 13. a3 Nce7 14. Rae1
Rc8 15. Re2 Qd7 16. Nfd4 Rfd8 17. Kh1 Bc7 18. Nc5 Qg4 19. Nxb7 Bb6 20. Nxd8 Bxd4
21. f3 Nf4 22. Rxe7 Rxd8 23. Qxd4 Qg5 24. Qe3 {Black resigns} 1-0

[Event "Team 45 45 League T23"]
[Site "Internet Chess Club"]
[Date "2004.07.19"]
[Round "6"]
[White "carrotop"]
[Black "Pin-Pawn"]
[Result "0-1"]
[WhiteElo "1590"]
[BlackElo "1634"]
[TimeControl "2700+45"]

1. e4 e5 2. d4 exd4 3. Qxd4 Nc6 4. Qe3 d6 5. Bd2 Be6 6. f4 d5 7. f5 d4 8. Qg3
Bd7 9. Bd3 Nf6 10. Nf3 g6 11. e5 Nd5 12. Bg5 Be7 13. f6 Bf8 14. Nbd2 Be6 15. Qf2
Ndb4 16. a3 Nxd3+ 17. cxd3 Qd5 18. Bf4 O-O-O 19. O-O h6 20. Rfe1 g5 21. Bg3 Qb5
22. Reb1 Qxd3 23. b4 Qb5 24. Qe1 g4 25. Nh4 h5 26. a4 Qd5 27. b5 Nb4 28. Qd1 d3
29. Bf2 Nc2 30. Bxa7 Nxa1 31. Rxa1 Bc5+ 32. Bxc5 Qxc5+ 33. Kh1 Qf2 34. Qe1 Qxe1+
35. Rxe1 Rd4 36. g3 Rxa4 37. Ne4 Bd5 {White resigns} 0-1

[Event "Team 45 45 League T23"]
[Site "Internet Chess Club"]
[Date "2004.07.18"]
[Round "6"]
[White "bubbarook"]
[Black "john-beebs"]
[Result "1-0"]
[WhiteElo "1320"]
[BlackElo "1506"]
[TimeControl "2700+45"]

1. f4 Nf6 2. Nf3 Nc6 3. e3 d5 4. d4 Bg4 5. Be2 e6 6. c3 h6 7. O-O Bd6 8. Qb3 Rb8
9. Nbd2 O-O 10. h3 Bh5 11. g4 Bxg4 12. hxg4 Nxg4 13. Nb1 Qf6 14. Ne1 Qh4 15.
Bxg4 Qxg4+ 16. Ng2 Ne7 17. Qd1 Qg6 18. Nd2 Nf5 19. Nf3 f6 20. Qe1 Rbe8 21. Nh4
Qg4 22. Qf2 Ng3 23. Qf3 Qh3 24. Kf2 Ne4+ 25. Ke2 Qh2 26. Bd2 Ng3+ 27. Kf2 Nxf1
28. Rxf1 Kh7 29. Qg3 Qxg3+ 30. Kxg3 g5 31. Nf3 Rg8 32. Kh2 h5 33. Kh1 h4 34.
fxg5 fxg5 35. e4 Ref8 36. Nxg5+ Rxg5 37. Rxf8 Bxf8 38. Bxg5 h3 39. Nf4 dxe4 40.
Nxe6 Bd6 41. Bf4 Kg6 42. Kh2 Kf5 43. Bxd6 cxd6 44. Nc7 e3 45. Nd5 e2 46. Ne3+
Ke4 47. Nc2 Kd3 48. Ne1+ Kd2 49. Nf3+ Kc2 50. Kxh3 Kxb2 51. Kg2 Kxa2 52. Kf2
e1=Q+ 53. Kxe1 Kb3 54. Kd2 a5 55. Kd3 b5 56. Nd2+ Ka2 57. c4 bxc4+ 58. Nxc4 a4
59. Nxd6 Kb3 60. Nc4 Kb4 61. d5 Kc5 62. d6 Kc6 63. Kc3 a3 64. Kb3 a2 65. Kxa2
Kd7 66. Ka3 Kc6 67. Ka4 Kd7 68. Kb5 Kd8 69. Ne5 Kc8 70. Kc6 Kd8 71. d7 {Black
resigns} 1-0

[Event "Team 45 45 League T23"]
[Site "Internet Chess Club"]
[Date "2004.07.17"]
[Round "6"]
[White "ChessAddict"]
[Black "DeepHmmm"]
[Result "1-0"]
[WhiteElo "2064"]
[BlackElo "2192"]
[TimeControl "2700+45"]

1. d4 Nf6 2. Bg5 c5 3. Bxf6 gxf6 4. d5 Qb6 5. Qc1 f5 6. c3 Bg7 7. g3 d6 8. Bg2
Nd7 9. Nh3 Nf6 10. Nd2 Qa6 11. Qc2 Bd7 12. O-O O-O 13. e4 fxe4 14. Nxe4 Nxd5 15.
Nhg5 f5 16. Nxc5 dxc5 17. Bxd5+ e6 18. Qb3 exd5 19. Qxd5+ Kh8 20. Qxd7 Qg6 21.
Ne6 Rf7 22. Qd5 Rg8 23. Nxg7 Rgxg7 24. Qxc5 h5 25. Rfe1 Kh7 26. Re8 Qg4 27. Qc8
Qf3 28. Rh8+ Kg6 29. Re1 f4 30. Qe6+ Rf6 31. Rh6+ Kxh6 32. Qxf6+ Rg6 33. Qh8+
{Black resigns} 1-0

[Event "Team 45 45 League T23"]
[Site "Internet Chess Club"]
[Date "2004.07.25"]
[Round "6"]
[White "achessman"]
[Black "locchessmonster"]
[Result "0-1"]
[WhiteElo "1982"]
[BlackElo "1884"]
[TimeControl "2700+45"]

1. e4 e6 2. Qe2 d5 3. exd5 Qxd5 4. Nf3 Nf6 5. g3 b6 6. Nc3 Qh5 7. Bg2 Bb7 8. O-O
Bb4 9. d4 Ba6 10. Qe1 Bxf1 11. Qxf1 O-O 12. Ne5 Bxc3 13. Bf3 Qf5 14. Bxa8 Bxd4
15. Nd3 Nbd7 16. Bg2 Ng4 17. Qe2 Nc5 18. Bh3 Nxd3 {White resigns} 0-1

[Event "Team 45 45 League T23"]
[Site "Internet Chess Club"]
[Date "2004.07.19"]
[Round "6"]
[White "viking99"]
[Black "tourettes"]
[Result "1-0"]
[WhiteElo "1802"]
[BlackElo "1736"]
[TimeControl "2700+45"]

1. e4 c5 2. Nf3 d6 3. d4 cxd4 4. Nxd4 Nf6 5. f3 a6 6. c4 e6 7. Nc3 Be7 8. Be3
O-O 9. Be2 Qc7 10. O-O Nc6 11. Rc1 Rd8 12. Qd2 Ne5 13. b3 Bd7 14. h3 Nh5 15. f4
Ng3 16. fxe5 Nxf1 17. Bxf1 dxe5 18. Nf3 Bb4 19. Qf2 Rdc8 20. Qg3 f6 21. Bd3 Bc5
22. Qf2 Bxe3 23. Qxe3 Be8 24. Bb1 Rd8 25. Kf2 Rd6 26. c5 Rdd8 27. Nd2 Rac8 28.
b4 a5 29. a3 axb4 30. axb4 Rd4 31. Ba2 Kf7 32. Nc4 Ke7 33. Ne2 Rdd8 34. Nb6 Rb8
35. Qb3 Bf7 36. Ng3 Rd2+ 37. Kg1 Qd8 38. Nf5+ Kf8 39. Ne3 Qd4 40. Nc4 Rd3 41.
Qc2 Rd8 42. Re1 Bg6 43. Qe2 Bxe4 44. Bb1 Rb3 45. Bxe4 Qxe4 46. b5 Rb1 47. Nd6
Rxe1+ 48. Qxe1 Qa4 49. Nec4 Qa7 50. b6 Qa4 51. Qe4 Qa1+ 52. Kh2 Qd4 53. Qxb7
Qf4+ 54. Kg1 Qd4+ 55. Kh1 Qa1+ 56. Kh2 Kg8 57. Qe7 Rb8 58. Ne8 Rb7 59. Qxb7 Kf8
60. Ncd6 {Black resigns} 1-0

[Event "Team 45 45 League T23"]
[Site "Internet Chess Club"]
[Date "2004.07.18"]
[Round "6"]
[White "Zilch"]
[Black "rayonline53"]
[Result "1-0"]
[WhiteElo "1796"]
[BlackElo "1636"]
[TimeControl "2700+45"]

1. d4 Nf6 2. Nf3 c5 3. d5 d6 4. Nc3 g6 5. e4 Bg7 6. Bb5+ Bd7 7. a4 a6 8. Bd3 O-O
9. O-O Be8 10. Bd2 Nbd7 11. a5 Ng4 12. Ng5 Nge5 13. Be2 Nf6 14. f4 Ned7 15. Bc4
h5 16. Qe2 Nh7 17. Nxh7 Kxh7 18. f5 Ne5 19. fxg6+ fxg6 20. Rxf8 Bxf8 21. Bb3 Bg7
22. Bg5 Bf6 23. Bd2 Bd7 24. Qf1 Ng4 25. Kh1 Qh8 26. Qe2 Rf8 27. Rf1 Bd4 28. Rxf8
Qxf8 29. Nd1 Bb5 30. c4 Bd7 31. h3 Nf2+ 32. Nxf2 Qxf2 33. Qxf2 Bxf2 34. Bg5 e6
35. Bf4 exd5 36. cxd5 Bd4 37. Bxd6 Bxb2 38. Bxc5 Bc3 39. Bb6 Kg7 40. Kg1 Kf6 41.
Kf2 Ke7 42. Bc7 Bb5 43. d6+ Kd7 44. Bf7 Bd4+ 45. Kf3 g5 46. Bxh5 Be5 47. Bg4+
{Black resigns} 1-0

[Event "Team 45 45 League T23"]
[Site "Internet Chess Club"]
[Date "2004.07.17"]
[Round "6"]
[White "quangliem"]
[Black "Zillmer"]
[Result "1-0"]
[WhiteElo "2308"]
[BlackElo "2173"]
[TimeControl "2700+45"]

1. d4 d6 2. e4 Nf6 3. Nc3 g6 4. Be2 Bg7 5. h4 h5 6. Bg5 c6 7. Qd2 b5 8. a3 Nbd7
9. O-O-O Nb6 10. Qf4 a6 11. Kb1 Qc7 12. Nf3 Be6 13. Rhe1 a5 14. d5 cxd5 15.
Bxb5+ Kf8 16. e5 Ne4 17. Nxe4 dxe5 18. Bxe7+ Qxe7 19. Nxe5 Bxe5 20. Qxe5 Kg8 21.
Nf6+ {Black resigns} 1-0

[Event "Team 45 45 League T23"]
[Site "Internet Chess Club"]
[Date "2004.07.23"]
[Round "6"]
[White "alastorx"]
[Black "BRAINDEADcz"]
[Result "1-0"]
[WhiteElo "1815"]
[BlackElo "1898"]
[TimeControl "2700+45"]

1. d4 c6 2. e4 d5 3. Nc3 dxe4 4. Nxe4 Bf5 5. Ng3 Qd5 6. Nxf5 Qxf5 7. Nf3 Qa5+ 8.
Bd2 Qd8 9. Bd3 e6 10. O-O Be7 11. Qe2 Nd7 12. c3 Ngf6 13. Ne5 Nxe5 14. dxe5 Nd5
15. Kh1 Qb6 16. f4 g6 17. a3 Bc5 18. b4 Bf8 19. c4 Ne7 20. g4 h5 21. f5 gxf5 22.
gxf5 Kd8 23. fxe6 fxe6 24. Be3 Qc7 25. Bg5 b6 26. Rf7 Kc8 27. Raf1 Kb7 28. b5
Re8 29. Be4 Kb8 30. Bxc6 Rd8 31. R1f3 Rg8 32. h4 Rh8 33. Qf1 Rg8 34. Rxf8 Nxc6
35. Bxd8 Qg7 36. Rxg8 Qxg8 37. Rf8 Qg4 38. bxc6 Qe4+ 39. Qg2 Qe1+ 40. Kh2 Qxe5+
41. Qg3 Qxg3+ 42. Kxg3 Kc8 43. Bxb6# {Black checkmated} 1-0

[Event "Team 45 45 League T23"]
[Site "Internet Chess Club"]
[Date "2004.07.18"]
[Round "6"]
[White "fish1800"]
[Black "Egmont"]
[Result "1/2-1/2"]
[WhiteElo "1839"]
[BlackElo "1722"]
[TimeControl "2700+45"]

1. d4 f5 2. Bg5 d5 3. e3 Nf6 4. c4 c6 5. Bxf6 exf6 6. Nc3 Bb4 7. Qb3 Bxc3+ 8.
Qxc3 Be6 9. Nf3 O-O 10. Bd3 dxc4 11. Bxc4 Bxc4 12. Qxc4+ Kh8 13. O-O Na6 14.
Rfd1 Nc7 15. b4 a5 16. a4 axb4 17. Qxb4 Rb8 18. Rdb1 Nd5 19. Qd2 b5 20. axb5
cxb5 21. Qa5 b4 22. Qxd8 Rfxd8 23. Rb3 Rdc8 24. Kf1 Rc3 25. Rab1 Rxb3 26. Rxb3
Kg8 27. Ne1 {Game drawn by mutual agreement} 1/2-1/2

[Event "Team 45 45 League T23"]
[Site "Internet Chess Club"]
[Date "2004.07.18"]
[Round "6"]
[White "NFK"]
[Black "kels-k"]
[Result "0-1"]
[WhiteElo "1579"]
[BlackElo "1727"]
[TimeControl "2700+45"]

1. e4 c5 2. d4 cxd4 3. c3 dxc3 4. Nxc3 Nc6 5. Nf3 g6 6. Bc4 Bg7 7. e5 Qa5 8. Qb3
Nxe5 9. Nxe5 Qxe5+ 10. Be3 e6 11. O-O Nf6 12. h3 O-O 13. Rfe1 Qh5 14. Rad1 a6
15. Be2 Qf5 16. Bd3 Qh5 17. Be2 Qa5 18. Bb6 Qg5 19. Be3 Qe5 20. Bf3 d5 21. Bc5
Qc7 22. Bxf8 Bxf8 23. Rc1 Qd6 24. Red1 b5 25. Ne4 Nxe4 26. Bxe4 Bb7 27. Bf3 Bg7
28. Rc2 Qe5 29. Re2 Qf4 30. Rc2 Be5 31. g3 Qf5 32. Bg2 h5 33. Qd3 Qf6 34. b3 b4
35. Qf3 Qe7 36. Qe3 Bc3 37. Bxd5 Bxd5 38. Rxd5 Qf6 39. Rd7 Qf5 40. Re2 Qxh3 41.
Rxf7 Rd8 {White resigns} 0-1

[Event "Team 45 45 League T23"]
[Site "Internet Chess Club"]
[Date "2004.07.18"]
[Round "6"]
[White "JustinSane"]
[Black "jorobo"]
[Result "1-0"]
[WhiteElo "2176"]
[BlackElo "2235"]
[TimeControl "2700+45"]

1. d4 d5 2. Nf3 e6 3. Bf4 Nf6 4. e3 Nh5 5. Bg5 Be7 6. Bxe7 Qxe7 7. c4 Nf6 8. Nc3
O-O 9. Rc1 b6 10. Be2 dxc4 11. Bxc4 Bb7 12. O-O Rd8 13. Qe2 Nbd7 14. Rfd1 c5 15.
Nb5 a6 16. Nc7 b5 17. Nxa8 bxc4 18. dxc5 Bxa8 19. Qxc4 Bd5 20. Qxa6 Nxc5 21. Qe2
Rb8 22. Ne5 Qd6 23. Nc4 Qa6 24. b3 h6 25. f3 Ra8 26. Rd2 Ncd7 27. e4 Bc6 28. Nd6
Ne5 29. Qxa6 Rxa6 30. b4 Bd7 31. Rc7 g5 32. b5 Ra8 33. b6 Rb8 34. b7 Kf8 35.
Rc8+ Bxc8 36. bxc8=Q+ Rxc8 37. Nxc8 {Black resigns} 1-0

[Event "Team 45 45 League T23"]
[Site "Internet Chess Club"]
[Date "2004.07.16"]
[Round "6"]
[White "softbunney"]
[Black "shadow-master"]
[Result "1/2-1/2"]
[WhiteElo "2105"]
[BlackElo "2200"]
[TimeControl "2700+45"]

1. d4 d5 2. c4 e6 3. Nc3 c6 4. e3 Nf6 5. Bd3 Nbd7 6. f4 dxc4 7. Bxc4 b5 8. Bd3
Bb7 9. Nf3 a6 10. a3 c5 11. dxc5 Nxc5 12. Bc2 Qb6 13. b4 Rd8 14. Qe2 Nce4 15.
Bb2 Nd6 16. Ne5 Nf5 17. Kf2 Rc8 18. Rhe1 Bd6 19. Kg1 Bxe5 20. fxe5 Ng4 21. Bxf5
exf5 22. Nd1 O-O 23. h3 Nh6 24. Bd4 Qe6 25. Nc3 Rc4 26. Qd2 Rd8 27. Qb2 f4 28.
Kh2 Nf5 29. Rad1 fxe3 30. Bxe3 Qxe5+ 31. Kg1 Rdc8 32. Bd4 Qg3 33. Ne4 Bxe4 34.
Rxe4 Nh4 35. Rf1 f5 36. Be5 Qg6 37. Rxc4 bxc4 38. Rf2 Qg5 39. Qd4 c3 40. Qd5+
Kh8 41. Qd7 Rg8 42. Kh2 h6 43. Bxc3 Rd8 44. Bxg7+ Kg8 45. Bxh6 Qf6 46. Qc7 Rd4
47. Rf4 Rxf4 48. Qxf4 Ng6 49. Bg5 Qe6 50. Qb8+ Kf7 51. Qc7+ Kg8 52. Bh6 Qf6 53.
Qg3 Kh7 54. Bg5 Qf7 55. Qd6 f4 56. h4 f3 57. gxf3 Qxf3 58. Qd7+ Kg8 59. Qc8+ Kh7
60. Qh3 Qe2+ 61. Qg2 Qe5+ 62. Qg3 Qe2+ 63. Kg1 Qd1+ 64. Kg2 Qe2+ 65. Qf2 Qe4+
66. Qf3 Qc2+ 67. Kg3 Qc7+ 68. Bf4 Qf7 69. Qh5+ Kg8 70. Qg5 Qb3+ 71. Kg4 Qd1+ 72.
Kf5 Qc2+ 73. Ke6 Qc8+ 74. Kd5 Qb7+ 75. Kc5 Qa7+ 76. Kc6 Qa8+ 77. Kb6 Qe4 78. h5
Qxf4 79. Qxg6+ Kh8 80. Kxa6 Qc4+ 81. b5 Qxb5+ 82. Ka7 Qb7+ 83. Kxb7 {Black
stalemated} 1/2-1/2